| TOP OF THE 1ST |
|
Miami Marlins batting - Pitching for Philadelphia Phillies : RHP James Woods Jr.
|
|
Pitching: RHP James Woods Jr.
|
|
|
Batting: RHB Roger Salazar
|
0-0: Called Strike 0-1: Fly out, F8 (Flyball, 8RD, EV 100.0 MPH)
|
|
Batting: RHB Matt Thompson
|
0-0: Ball 1-0: Swinging Strike 1-1: SOLO HOME RUN (Flyball, 7LD, EV 95.0 MPH), Distance : 354 ft
|
|
Batting: LHB Adam Durgin
|
0-0: Ball 1-0: Ball 2-0: Called Strike 2-1: Fly out, F7 (Flyball, 7D, EV 95.6 MPH)
|
|
Batting: RHB Jimmy Groseclose
|
0-0: Ground out 5-3 (Groundball, 6S, EV 73.1 MPH)
|
| Top of the 1st over - 1 run, 1 hit, 0 errors, 0 left on base; Miami 1 - Philadelphia 0 |
| BOTTOM OF THE 1ST |
|
Philadelphia Phillies batting - Pitching for Miami Marlins : RHP Sean Geer
|
|
Pitching: RHP Sean Geer
|
|
|
Batting: LHB Osamu Kubo
|
0-0: Called Strike 0-1: Ball 1-1: Foul Ball, location: 2F 1-2: SOLO HOME RUN (Flyball, 78XD, EV 103.8 MPH), Distance : 402 ft
|
|
Batting: RHB Quintin Parker
|
0-0: Called Strike 0-1: Ball 1-1: Called Strike 1-2: Ball 2-2: Foul Ball, location: 2F 2-2: Ground out 5-3 (Groundball, 5, EV 102.5 MPH)
|
|
Batting: SHB Lance Franklin
|
0-0: Foul Ball, location: 2F 0-1: Ball 1-1: Fly out, F9 (Flyball, 9S, EV 90.6 MPH)
|
|
Batting: RHB Chef Belew
|
0-0: Ball 1-0: Ball 2-0: Foul Ball, location: 2F 2-1: Foul Ball, location: 2F 2-2: Ball 3-2: Base on Balls
|
|
Batting: LHB Mike Davis
|
0-0: Fly out, F7 (Flyball, 78S, EV 98.1 MPH)
|
| Bottom of the 1st over - 1 run, 1 hit, 0 errors, 1 left on base; Miami 1 - Philadelphia 1 |
| TOP OF THE 2ND |
|
Miami Marlins batting - Pitching for Philadelphia Phillies : RHP James Woods Jr.
|
|
Batting: RHB Bert Clark
|
0-0: Ball 1-0: Ball 2-0: Ball 3-0: Base on Balls
|
|
Batting: RHB Steve Barnard
|
0-0: Ball 1-0: Ball 2-0: Swinging Strike 2-1: Foul Ball, location: 2F 2-2: Ball 3-2: 2-RUN HOME RUN (Flyball, 7LD, EV 94.4 MPH), Distance : 344 ft
|
|
Batting: LHB Jose Bregaro
|
0-0: Foul Ball, location: 2F 0-1: Ball 1-1: Fly out, F4 (Popup, 4, EV 80.6 MPH)
|
|
Batting: RHB Mike Gar
|
0-0: Ball 1-0: Ball 2-0: SINGLE (Line Drive, 89M, EV 95.0 MPH)
|
|
Batting: SHB Jordan Barragan
|
0-0: Called Strike 0-1: SINGLE (Flyball, 5D, EV 86.9 MPH) Mike Gar to second
|
|
Batting: RHB Roger Salazar
|
0-0: Called Strike 0-1: Foul Ball, location: 2F 0-2: Strikes out swinging
|
|
Batting: RHB Matt Thompson
|
0-0: Ball 1-0: Called Strike 1-1: Ball 2-1: Foul Ball, location: 2F 2-2: Foul Ball, location: 2F 2-2: Strikes out looking
|
| Top of the 2nd over - 2 runs, 3 hits, 0 errors, 2 left on base; Miami 3 - Philadelphia 1 |
| BOTTOM OF THE 2ND |
|
Philadelphia Phillies batting - Pitching for Miami Marlins : RHP Sean Geer
|
|
Batting: RHB Josh Hensley
|
0-0: Ground out 6-3 (Groundball, 6, EV 76.9 MPH)
|
|
Batting: LHB Ryan Trombley
|
0-0: Ball 1-0: Ball 2-0: Fly out, F8 (Flyball, 78D, EV 93.1 MPH)
|
|
Batting: SHB Phuck II
|
0-0: Called Strike 0-1: Ball 1-1: Ground out 3-1 (Groundball, 34, EV 89.4 MPH)
|
| Bottom of the 2nd over - 0 runs, 0 hits, 0 errors, 0 left on base; Miami 3 - Philadelphia 1 |
| TOP OF THE 3RD |
|
Miami Marlins batting - Pitching for Philadelphia Phillies : RHP James Woods Jr.
|
|
Batting: LHB Adam Durgin
|
0-0: Called Strike 0-1: Called Strike 0-2: Ball 1-2: Ball 2-2: Ball 3-2: Fly out, F8 (Flyball, 8RM, EV 70.6 MPH)
|
|
Batting: RHB Jimmy Groseclose
|
0-0: Ball 1-0: SOLO HOME RUN (Flyball, 89XD, EV 102.5 MPH), Distance : 390 ft
|
|
Batting: RHB Bert Clark
|
0-0: Ball 1-0: Called Strike 1-1: Ball 2-1: Foul Ball, location: 2F 2-2: Strikes out swinging
|
|
Batting: RHB Steve Barnard
|
0-0: Called Strike 0-1: Ground out 6-3 (Groundball, 6S, EV 83.8 MPH)
|
| Top of the 3rd over - 1 run, 1 hit, 0 errors, 0 left on base; Miami 4 - Philadelphia 1 |
| BOTTOM OF THE 3RD |
|
Philadelphia Phillies batting - Pitching for Miami Marlins : RHP Sean Geer
|
|
Batting: LHB Jim Beaver
|
0-0: SINGLE (Flyball, 89S, EV 95.6 MPH)
|
|
Batting: LHB Osamu Kubo
|
0-0: Called Strike 0-1: Called Strike 0-2: Strikes out swinging
|
|
Batting: RHB Quintin Parker
|
0-0: SINGLE (Line Drive, 8RS, EV 107.5 MPH) Jim Beaver to second
|
|
Batting: SHB Lance Franklin
|
0-0: Called Strike 0-1: Called Strike 0-2: Fly out, F8 (Flyball, 8LM, EV 95.0 MPH)
|
|
Batting: RHB Chef Belew
|
0-0: Ball 1-0: Swinging Strike 1-1: Ball 2-1: Called Strike 2-2: Foul Ball, location: 2F 2-2: Foul Ball, location: 2F 2-2: Foul Ball, location: 2F 2-2: Ball 3-2: Foul Ball, location: 2F 3-2: Base on Balls Jim Beaver to third Quintin Parker to second
|
|
Batting: LHB Mike Davis
|
0-0: Ball 1-0: Ball 2-0: Ball 3-0: Base on Balls Jim Beaver scores Quintin Parker to third Chef Belew to second
|
|
Batting: RHB Josh Hensley
|
0-0: Ball 1-0: GRAND SLAM HOME RUN (Flyball, 78XD, EV 112.5 MPH), Distance : 431 ft
|
|
Batting: LHB Ryan Trombley
|
0-0: Ball 1-0: Ball 2-0: Swinging Strike 2-1: DOUBLE (Line Drive, 78XD, EV 109.4 MPH)
|
|
Pitching: RHP Chris Funderburg
|
|
|
Batting: SHB Phuck II
|
0-0: Called Strike 0-1: Ball 1-1: Fly out, F8 (Flyball, 8LD, EV 96.2 MPH)
|
| Bottom of the 3rd over - 5 runs, 4 hits, 0 errors, 1 left on base; Miami 4 - Philadelphia 6 |
| TOP OF THE 4TH |
|
Miami Marlins batting - Pitching for Philadelphia Phillies : RHP James Woods Jr.
|
|
Batting: LHB Jose Bregaro
|
0-0: Swinging Strike 0-1: Ball 1-1: SINGLE (Groundball, 4M, EV 106.9 MPH)
|
|
Batting: RHB Mike Gar
|
0-0: Ball 1-0: Ball 2-0: Called Strike 2-1: Ball 3-1: Sac Bunt to 23 - play at first, batter OUT! 3-4 Jose Bregaro to second
|
|
Batting: SHB Jordan Barragan
|
0-0: Called Strike Jose Bregaro is caught stealing 3rd base 2-5 0-1: Ground out 4-3 (Groundball, 4, EV 88.8 MPH)
|
| Top of the 4th over - 0 runs, 1 hit, 0 errors, 0 left on base; Miami 4 - Philadelphia 6 |
| BOTTOM OF THE 4TH |
|
Philadelphia Phillies batting - Pitching for Miami Marlins : RHP Chris Funderburg
|
|
Batting: LHB Jim Beaver
|
0-0: Called Strike 0-1: Foul Ball, location: 2F 0-2: Ball 1-2: Strikes out looking
|
|
Batting: LHB Osamu Kubo
|
0-0: Ball 1-0: Ball 2-0: Foul Ball, location: 2F 2-1: SINGLE (Line Drive, 9LM, EV 111.9 MPH)
|
|
Batting: RHB Quintin Parker
|
0-0: Ball 1-0: Foul Ball, location: 2F 1-1: Grounds into double play, 6-4-3 (Groundball, 6, EV 95.0 MPH)
|
| Bottom of the 4th over - 0 runs, 1 hit, 0 errors, 0 left on base; Miami 4 - Philadelphia 6 |
| TOP OF THE 5TH |
|
Miami Marlins batting - Pitching for Philadelphia Phillies : RHP James Woods Jr.
|
|
Batting: RHB Roger Salazar
|
0-0: Ball 1-0: Foul Ball, location: 2F 1-1: Foul Ball, location: 2F 1-2: Strikes out looking
|
|
Batting: RHB Matt Thompson
|
0-0: Called Strike 0-1: Called Strike 0-2: Ball 1-2: Ball 2-2: Strikes out swinging
|
|
Batting: LHB Adam Durgin
|
0-0: Called Strike 0-1: Ball 1-1: Foul Ball, location: 2F 1-2: Ground out 6-3 (Groundball, 6, EV 80.0 MPH)
|
| Top of the 5th over - 0 runs, 0 hits, 0 errors, 0 left on base; Miami 4 - Philadelphia 6 |
| BOTTOM OF THE 5TH |
|
Philadelphia Phillies batting - Pitching for Miami Marlins : RHP Chris Funderburg
|
|
Batting: SHB Lance Franklin
|
0-0: Ball 1-0: Foul Ball, location: 2F 1-1: SINGLE (Flyball, 8LS, EV 91.9 MPH)
|
|
Batting: RHB Chef Belew
|
0-0: Called Strike 0-1: Swinging Strike 0-2: Foul Ball, location: 2F 0-2: Ball 1-2: Ball 2-2: Foul Ball, location: 2F 2-2: Ball Lance Franklin steals 2nd base 3-2: Foul Ball, location: 2F 3-2: Foul Ball, location: 2F 3-2: Fly out, F7 (Flyball, 7D, EV 104.4 MPH) Runner from 2nd tags up, SAFE at 3rd with throw by LF
|
|
Batting: LHB Mike Davis
|
0-0: Ball 1-0: Ball 2-0: Ball 3-0: Called Strike 3-1: Base on Balls
|
|
Batting: RHB Josh Hensley
|
0-0: Ball 1-0: Ball 2-0: Swinging Strike 2-1: Ball 3-1: Foul Ball, location: 2F 3-2: Base on Balls Mike Davis to second
|
|
Batting: LHB Ryan Trombley
|
0-0: Ball 1-0: Called Strike 1-1: Ball 2-1: Foul Ball, location: 2F 2-2: Foul Ball, location: 2F 2-2: Foul Ball, location: 2F 2-2: Fly out, F7 (Flyball, 78M, EV 77.5 MPH)
|
|
Batting: SHB Phuck II
|
0-0: Ball 1-0: Ground out 1-3 (Groundball, 13S, EV 65.6 MPH)
|
| Bottom of the 5th over - 0 runs, 1 hit, 0 errors, 3 left on base; Miami 4 - Philadelphia 6 |
| TOP OF THE 6TH |
|
Miami Marlins batting - Pitching for Philadelphia Phillies : RHP James Woods Jr.
|
|
Batting: RHB Jimmy Groseclose
|
0-0: Called Strike 0-1: SOLO HOME RUN (Flyball, 78XD, EV 114.4 MPH), Distance : 415 ft
|
|
Pitching: RHP Marcos Tapia
|
|
|
Batting: RHB Bert Clark
|
0-0: Called Strike 0-1: Swinging Strike 0-2: Ball 1-2: Strikes out swinging
|
|
Batting: RHB Steve Barnard
|
0-0: Called Strike 0-1: Ball 1-1: Called Strike 1-2: Strikes out swinging
|
|
Batting: LHB Jose Bregaro
|
0-0: Ball 1-0: Foul Ball, location: 2F 1-1: Ball 2-1: Foul Ball, location: 2F 2-2: Ball 3-2: Foul Ball, location: 2F 3-2: Base on Balls
|
|
Batting: RHB Mike Gar
|
0-0: Ball 1-0: Called Strike 1-1: Fly out, F9 (Flyball, 9, EV 95.6 MPH)
|
| Top of the 6th over - 1 run, 1 hit, 0 errors, 1 left on base; Miami 5 - Philadelphia 6 |
| BOTTOM OF THE 6TH |
|
Philadelphia Phillies batting - Pitching for Miami Marlins : RHP Chris Funderburg
|
|
Batting: LHB Jim Beaver
|
0-0: Ball 1-0: Foul Ball, location: 2F 1-1: Fly out, F9 (Flyball, 9, EV 91.2 MPH)
|
|
Batting: LHB Osamu Kubo
|
0-0: Ball 1-0: Ball 2-0: Ball 3-0: Base on Balls
|
|
Batting: RHB Quintin Parker
|
0-0: Foul Ball, location: 2F 0-1: Ball 1-1: Ball 2-1: Swinging Strike 2-2: SINGLE (Groundball, 4MD, EV 96.9 MPH) Osamu Kubo to second Runner from 2nd tries for 3rd, SAFE, throw by CF made to third
|
|
Pitching: RHP Matt Murray
|
|
|
Batting: SHB Lance Franklin
|
0-0: Ground out 5-3 (Groundball, 6, EV 83.1 MPH) Quintin Parker to second
|
|
Batting: RHB Chef Belew
|
0-0: Ball 1-0: Foul Ball, location: 2F 1-1: Ball 2-1: Ball 3-1: Called Strike 3-2: SINGLE (Groundball, 4D, EV 96.9 MPH) Osamu Kubo scores Quintin Parker to third Runner from 3rd tries for Home, SAFE, throw by CF to home
|
|
Batting: LHB Mike Davis
|
0-0: Called Strike 0-1: Swinging Strike 0-2: Strikes out swinging
|
| Bottom of the 6th over - 2 runs, 2 hits, 0 errors, 1 left on base; Miami 5 - Philadelphia 8 |
| TOP OF THE 7TH |
|
Miami Marlins batting - Pitching for Philadelphia Phillies : RHP Marcos Tapia
|
|
Batting: SHB Jordan Barragan
|
0-0: Ball 1-0: Ball 2-0: Called Strike 2-1: Ground out U3 (Groundball, 3, EV 91.2 MPH)
|
|
Batting: RHB Roger Salazar
|
0-0: Ball 1-0: Called Strike 1-1: Reached on error, E4 (Groundball, 4, EV 86.2 MPH)
|
|
Batting: RHB Matt Thompson
|
0-0: Foul Ball, location: 2F 0-1: Ball 1-1: Ball 2-1: Foul Ball, location: 2F 2-2: Foul Ball, location: 2F 2-2: Ball 3-2: Foul Ball, location: 2F 3-2: Base on Balls Roger Salazar to second
|
|
Batting: LHB Adam Durgin
|
0-0: Ball 1-0: Foul Ball, location: 2F 1-1: Called Strike 1-2: Ball 2-2: Grounds into double play, 5-4-3 (Groundball, 5, EV 88.1 MPH)
|
| Top of the 7th over - 0 runs, 0 hits, 1 error, 1 left on base; Miami 5 - Philadelphia 8 |
| BOTTOM OF THE 7TH |
|
Philadelphia Phillies batting - Pitching for Miami Marlins : RHP Matt Murray
|
|
Batting: RHB Josh Hensley
|
0-0: Ground out 3-1 (Groundball, 13, EV 89.4 MPH)
|
|
Batting: LHB Ryan Trombley
|
0-0: DOUBLE (Groundball, 3L, EV 103.1 MPH)
|
|
Batting: SHB Phuck II
|
0-0: Ball 1-0: Ground out U3 (Groundball, 3L, EV 103.8 MPH) Ryan Trombley to third
|
|
Batting: LHB Jim Beaver
|
0-0: Ball 1-0: Called Strike 1-1: Fly out, F8 (Flyball, 8RD, EV 95.6 MPH)
|
| Bottom of the 7th over - 0 runs, 1 hit, 0 errors, 1 left on base; Miami 5 - Philadelphia 8 |
| TOP OF THE 8TH |
|
Miami Marlins batting - Pitching for Philadelphia Phillies : RHP Marcos Tapia
|
|
Pitching: RHP Josh Cornishen
|
|
|
Batting: RHB Jimmy Groseclose
|
0-0: Ball 1-0: Hit by Pitch
|
|
Batting: RHB Bert Clark
|
0-0: Called Strike 0-1: Foul Ball, location: 2F 0-2: Ball 1-2: Foul Ball, location: 2F 1-2: Fly out, F8 (Flyball, 8LM, EV 92.5 MPH)
|
|
Pinch Hitting: LHB Andre Gorter
|
0-0: Ball 1-0: Called Strike 1-1: Fly out, F8 (Flyball, 8LM, EV 86.2 MPH)
|
|
Batting: LHB Jose Bregaro
|
0-0: Foul Ball, location: 2F 0-1: Ball 1-1: SINGLE (Groundball, 4D, EV 101.2 MPH) Jimmy Groseclose to second
|
|
Batting: RHB Mike Gar
|
0-0: Ball 1-0: Ball 2-0: Ball 3-0: Called Strike 3-1: Foul Ball, location: 2F 3-2: Ground out 6-3 (Groundball, 6, EV 105.6 MPH)
|
| Top of the 8th over - 0 runs, 1 hit, 0 errors, 2 left on base; Miami 5 - Philadelphia 8 |
| BOTTOM OF THE 8TH |
|
Philadelphia Phillies batting - Pitching for Miami Marlins : RHP Matt Murray
|
|
Pitching: RHP Adam Thomas
|
|
|
Now at 3B: Willie Chavez
|
|
|
Batting: LHB Osamu Kubo
|
0-0: Ball 1-0: DOUBLE (Flyball, 7LD, EV 105.0 MPH)
|
|
Batting: RHB Quintin Parker
|
0-0: Ball 1-0: Ball 2-0: Ball 3-0: Called Strike 3-1: Base on Balls
|
|
Batting: SHB Lance Franklin
|
0-0: Called Strike 0-1: Ball 1-1: Ball 2-1: Swinging Strike 2-2: Foul Ball, location: 2F 2-2: Foul Ball, location: 2F 2-2: Fielders Choice at 2nd, 1-4 (Groundball, 15S, EV 71.2 MPH) Osamu Kubo to third
|
|
Batting: RHB Chef Belew
|
0-0: Called Strike 0-1: Ball 1-1: Ball 2-1: Fly out, F7 (Flyball, 7D, EV 101.9 MPH) Runner from 3rd tags up, SCORES, throw by LF
|
|
Batting: LHB Mike Davis
|
0-0: Called Strike 0-1: Ball 1-1: Ball 2-1: Foul Ball, location: 2F 2-2: Strikes out swinging
|
| Bottom of the 8th over - 1 run, 1 hit, 0 errors, 1 left on base; Miami 5 - Philadelphia 9 |
| TOP OF THE 9TH |
|
Miami Marlins batting - Pitching for Philadelphia Phillies : RHP Josh Cornishen
|
|
Batting: SHB Jordan Barragan
|
0-0: Swinging Strike 0-1: Foul Ball, location: 2F 0-2: Ball 1-2: Strikes out swinging
|
|
Batting: RHB Roger Salazar
|
0-0: Ball 1-0: Foul Ball, location: 2F 1-1: Foul Ball, location: 2F 1-2: Strikes out swinging
|
|
Batting: RHB Matt Thompson
|
0-0: Foul Ball, location: 2F 0-1: Ball 1-1: Foul Ball, location: 2F 1-2: Strikes out swinging
|
| Top of the 9th over - 0 runs, 0 hits, 0 errors, 0 left on base; Miami 5 - Philadelphia 9 |
|